TOP OF THE 1ST |
York Revolution batting - Pitching for Chester Pirates : RHP Justin Rousell
|
Pitching: RHP Justin Rousell
|
|
Batting: LHB Jonathan Roman
|
0-0: Ball 1-0: Ball 2-0: Ground out 4-3 (Groundball, 4, EV 106.2 MPH)
|
Batting: RHB Juan Valadez
|
0-0: Ball 1-0: Called Strike 1-1: Ground out 4-3 (Groundball, 4M, EV 84.4 MPH)
|
Batting: RHB Jose Corral
|
0-0: Called Strike 0-1: Foul Ball, location: 2F 0-2: Ball 1-2: Ball 2-2: Foul Ball, location: 2F 2-2: Strikes out swinging
|
Top of the 1st over - 0 runs, 0 hits, 0 errors, 0 left on base; York 0 - Chester 0 |
BOTTOM OF THE 1ST |
Chester Pirates batting - Pitching for York Revolution : RHP Jamie Gordam
|
Pitching: RHP Jamie Gordam
|
|
Batting: LHB Chad Cutler
|
0-0: Ball 1-0: Ball 2-0: Fly out, F7 (Flyball, 78M, EV 80.0 MPH)
|
Batting: RHB Dan Kurtz
|
0-0: Ball 1-0: Ball 2-0: Ground out U3 (Groundball, 13, EV 80.0 MPH)
|
Batting: RHB Rusty Trader
|
0-0: Called Strike 0-1: Ball 1-1: Called Strike 1-2: Strikes out swinging
|
Bottom of the 1st over - 0 runs, 0 hits, 0 errors, 0 left on base; York 0 - Chester 0 |
TOP OF THE 2ND |
York Revolution batting - Pitching for Chester Pirates : RHP Justin Rousell
|
Batting: LHB Eric Farren
|
0-0: Ball 1-0: Called Strike 1-1: Called Strike 1-2: Ball 2-2: Ball 3-2: Ground out 5-3 (Groundball, 5, EV 84.4 MPH)
|
Batting: RHB Victor Arias
|
0-0: Ball 1-0: Reached on error, E4 (Groundball, 4, EV 101.2 MPH)
|
Batting: SHB Steve DeRienzo
|
0-0: Fly out, F8 (Flyball, 78M, EV 87.5 MPH)
|
Batting: RHB Ivan Barrientos
|
0-0: Ball 1-0: Ball 2-0: Foul Ball, location: 2F 2-1: Ball 3-1: SINGLE (Line Drive, 89S, EV 101.2 MPH) Victor Arias to third Throwing error, E9 Victor Arias scores Ivan Barrientos to second
|
Batting: RHB Simon Mergeni
|
0-0: Ball 1-0: Ball 2-0: Ball 3-0: Called Strike 3-1: Called Strike 3-2: SINGLE (Groundball, 56, EV 95.6 MPH) Ivan Barrientos to third Throwing error, E7 Ivan Barrientos scores Simon Mergeni to second
|
Batting: RHB Alexis Graciani
|
0-0: Called Strike 0-1: Swinging Strike 0-2: Ball 1-2: Strikes out looking
|
Top of the 2nd over - 2 runs, 2 hits, 3 errors, 1 left on base; York 2 - Chester 0 |
BOTTOM OF THE 2ND |
Chester Pirates batting - Pitching for York Revolution : RHP Jamie Gordam
|
Batting: RHB Jon Solis
|
0-0: Foul Ball, location: 2F 0-1: Swinging Strike 0-2: Strikes out swinging
|
Batting: RHB Hector Barajas
|
0-0: Fly out, F3 (Popup, 3F, EV 68.1 MPH)
|
Batting: RHB Rafael Galicia
|
0-0: Called Strike 0-1: Ball 1-1: Foul Ball, location: 2F 1-2: Strikes out swinging
|
Bottom of the 2nd over - 0 runs, 0 hits, 0 errors, 0 left on base; York 2 - Chester 0 |
TOP OF THE 3RD |
York Revolution batting - Pitching for Chester Pirates : RHP Justin Rousell
|
Batting: LHB Jonathan Roman
|
0-0: Ball 1-0: Foul Ball, location: 2F 1-1: Swinging Strike 1-2: Ball 2-2: Foul Ball, location: 2F 2-2: Ground out U3 (Groundball, 34, EV 81.9 MPH)
|
Batting: RHB Juan Valadez
|
0-0: Ball 1-0: Ball 2-0: Swinging Strike 2-1: Foul Ball, location: 2F 2-2: Ball 3-2: Foul Ball, location: 2F 3-2: Strikes out swinging
|
Batting: RHB Jose Corral
|
0-0: Foul Ball, location: 2F 0-1: Ball 1-1: SINGLE (Groundball, 56D, EV 106.9 MPH)
|
Batting: LHB Eric Farren
|
0-0: Ball 1-0: Foul Ball, location: 2F 1-1: Fly out, F6 (Popup, 6MD, EV 52.5 MPH)
|
Top of the 3rd over - 0 runs, 1 hit, 0 errors, 1 left on base; York 2 - Chester 0 |
BOTTOM OF THE 3RD |
Chester Pirates batting - Pitching for York Revolution : RHP Jamie Gordam
|
Batting: LHB Kazuyoshi Ikeda
|
0-0: Called Strike 0-1: Called Strike 0-2: Strikes out swinging
|
Batting: LHB Damien Cohen
|
0-0: Swinging Strike 0-1: Called Strike 0-2: Ball 1-2: Strikes out swinging
|
Batting: RHB Matt Derrien
|
0-0: Foul Ball, location: 2F 0-1: Called Strike 0-2: Strikes out swinging
|
Bottom of the 3rd over - 0 runs, 0 hits, 0 errors, 0 left on base; York 2 - Chester 0 |
TOP OF THE 4TH |
York Revolution batting - Pitching for Chester Pirates : RHP Justin Rousell
|
Batting: RHB Victor Arias
|
0-0: Foul Ball, location: 2F 0-1: Ball 1-1: DOUBLE (Line Drive, 9LM, EV 108.1 MPH)
|
Batting: SHB Steve DeRienzo
|
0-0: Called Strike 0-1: Swinging Strike 0-2: Strikes out swinging
|
Batting: RHB Ivan Barrientos
|
0-0: Swinging Strike 0-1: Ground out U3 (Groundball, 3S, EV 73.8 MPH) Victor Arias to third
|
Batting: RHB Simon Mergeni
|
0-0: Ball 1-0: Ball 2-0: Called Strike 2-1: SINGLE (Groundball, 6MD, EV 98.1 MPH) Victor Arias scores
|
Pitching: RHP Bill Gomez
|
|
Batting: RHB Alexis Graciani
|
0-0: Ball 1-0: Ball 2-0: Called Strike 2-1: Ball 3-1: Base on Balls Simon Mergeni to second
|
Batting: LHB Jonathan Roman
|
0-0: Ball 1-0: Ball 2-0: Ball 3-0: Base on Balls Simon Mergeni to third Alexis Graciani to second
|
Batting: RHB Juan Valadez
|
0-0: Foul Ball, location: 2F 0-1: Ball 1-1: Ball 2-1: DOUBLE (Line Drive, 78D, EV 94.4 MPH) Simon Mergeni scores Alexis Graciani scores Jonathan Roman to third
|
Batting: RHB Jose Corral
|
0-0: Ball 1-0: Called Strike 1-1: Ball 2-1: Called Strike 2-2: Fly out, F8 (Flyball, 8LXD, EV 100.0 MPH)
|
Top of the 4th over - 3 runs, 3 hits, 0 errors, 2 left on base; York 5 - Chester 0 |
BOTTOM OF THE 4TH |
Chester Pirates batting - Pitching for York Revolution : RHP Jamie Gordam
|
Batting: LHB Chad Cutler
|
0-0: Ball 1-0: Ball 2-0: Called Strike 2-1: Ball 3-1: Base on Balls
|
Batting: RHB Dan Kurtz
|
0-0: Called Strike 0-1: Called Strike 0-2: Ball 1-2: Foul Ball, location: 2F 1-2: Foul Ball, location: 2F 1-2: SINGLE (Groundball, 6D, EV 108.8 MPH) Chad Cutler to second
|
Batting: RHB Rusty Trader
|
0-0: Called Strike 0-1: Ball 1-1: Foul Ball, location: 2F 1-2: Grounds into double play, 5-4-3 (Groundball, 56, EV 103.8 MPH) Chad Cutler to third
|
Batting: RHB Jon Solis
|
0-0: Ball 1-0: Swinging Strike 1-1: Foul Ball, location: 2F 1-2: Ball 2-2: Ball 3-2: Fly out, F2 (Popup, 5SF, EV 89.4 MPH)
|
Bottom of the 4th over - 0 runs, 1 hit, 0 errors, 1 left on base; York 5 - Chester 0 |
TOP OF THE 5TH |
York Revolution batting - Pitching for Chester Pirates : RHP Bill Gomez
|
Pitching: LHP Angel Juarez
|
|
Batting: LHB Eric Farren
|
0-0: Swinging Strike 0-1: Ball 1-1: Ball 2-1: Ball 3-1: Base on Balls
|
Batting: RHB Victor Arias
|
0-0: Called Strike 0-1: Called Strike 0-2: Ball 1-2: Fly out, F7 (Flyball, 7D, EV 100.6 MPH)
|
Batting: SHB Steve DeRienzo
|
0-0: Ball 1-0: Called Strike 1-1: SINGLE (Line Drive, 56D, EV 99.4 MPH) Eric Farren to second
|
Batting: RHB Ivan Barrientos
|
0-0: Ball 1-0: Ball 2-0: Fielders Choice at 2nd, 6-4 (Groundball, 56, EV 96.9 MPH) Eric Farren to third
|
Batting: RHB Simon Mergeni
|
0-0: Ball 1-0: Fielders Choice at 2nd, 6-4 (Groundball, 6, EV 88.8 MPH)
|
Top of the 5th over - 0 runs, 1 hit, 0 errors, 2 left on base; York 5 - Chester 0 |
BOTTOM OF THE 5TH |
Chester Pirates batting - Pitching for York Revolution : RHP Jamie Gordam
|
Batting: RHB Hector Barajas
|
0-0: Ball 1-0: Ball 2-0: Ground out 3-1 (Groundball, 34, EV 96.2 MPH)
|
Batting: RHB Rafael Galicia
|
0-0: Ball 1-0: Swinging Strike 1-1: Fly out, F8 (Flyball, 8LD, EV 106.9 MPH)
|
Batting: LHB Kazuyoshi Ikeda
|
0-0: Ball 1-0: Foul Ball, location: 2F 1-1: Foul Ball, location: 2F 1-2: Foul Ball, location: 2F 1-2: Ball 2-2: Foul Ball, location: 2F 2-2: Ball 3-2: Base on Balls
|
Batting: LHB Damien Cohen
|
0-0: Swinging Strike 0-1: Called Strike 0-2: Strikes out swinging
|
Bottom of the 5th over - 0 runs, 0 hits, 0 errors, 1 left on base; York 5 - Chester 0 |
TOP OF THE 6TH |
York Revolution batting - Pitching for Chester Pirates : LHP Angel Juarez
|
Batting: RHB Alexis Graciani
|
0-0: Foul Ball, location: 2F 0-1: Ball 1-1: Swinging Strike 1-2: Foul Ball, location: 2F 1-2: Strikes out swinging
|
Pitching: LHP Juan Hernandez
|
|
Batting: LHB Jonathan Roman
|
0-0: Ball 1-0: SINGLE (Groundball, 56, EV 96.9 MPH)
|
Batting: RHB Juan Valadez
|
0-0: Called Strike 0-1: Reached on error, E3 (Groundball, 3, EV 81.2 MPH) Jonathan Roman to second
|
Batting: RHB Jose Corral
|
0-0: Ball 1-0: Ball 2-0: DOUBLE (Groundball, 5L, EV 95.6 MPH) Jonathan Roman scores Juan Valadez to third
|
Batting: LHB Eric Farren
|
0-0: Called Strike 0-1: Ball Wild Pitch! Juan Valadez scores Jose Corral to third 1-1: Swinging Strike 1-2: Foul Ball, location: 2F 1-2: Ball 2-2: Strikes out swinging
|
Batting: RHB Victor Arias
|
0-0: Ball 1-0: Foul Ball, location: 2F 1-1: Called Strike 1-2: Foul Ball, location: 2F 1-2: Ball 2-2: Ball 3-2: Foul Ball, location: 2F 3-2: Fly out, F7 (Flyball, 78M, EV 90.0 MPH)
|
Top of the 6th over - 2 runs, 2 hits, 1 error, 1 left on base; York 7 - Chester 0 |
BOTTOM OF THE 6TH |
Chester Pirates batting - Pitching for York Revolution : RHP Jamie Gordam
|
Batting: RHB Matt Derrien
|
0-0: Called Strike 0-1: Fly out, F6 (Popup, P, EV 88.8 MPH)
|
Batting: LHB Chad Cutler
|
0-0: Called Strike 0-1: Swinging Strike 0-2: Ball 1-2: Ball 2-2: Strikes out swinging
|
Batting: RHB Dan Kurtz
|
0-0: Ball 1-0: Swinging Strike 1-1: Ball 2-1: Swinging Strike 2-2: Fly out, F8 (Flyball, 8LD, EV 94.4 MPH)
|
Bottom of the 6th over - 0 runs, 0 hits, 0 errors, 0 left on base; York 7 - Chester 0 |
TOP OF THE 7TH |
York Revolution batting - Pitching for Chester Pirates : LHP Juan Hernandez
|
Pitching: RHP Pete Griesser
|
|
Batting: SHB Steve DeRienzo
|
0-0: Foul Ball, location: 2F 0-1: Ball 1-1: Foul Ball, location: 2F 1-2: Ball 2-2: Ball 3-2: Fly out, F7 (Flyball, 7, EV 95.0 MPH)
|
Batting: RHB Ivan Barrientos
|
0-0: Foul Ball, location: 2F 0-1: Called Strike 0-2: Ball 1-2: Ball 2-2: Ball 3-2: Base on Balls
|
Batting: RHB Simon Mergeni
|
0-0: Ball 1-0: Called Strike 1-1: Called Strike 1-2: Foul Ball, location: 2F 1-2: 2-RUN HOME RUN (Flyball, 7D, EV 98.1 MPH), Distance : 392 ft
|
Batting: RHB Alexis Graciani
|
0-0: Ball 1-0: Called Strike 1-1: Swinging Strike 1-2: Ball 2-2: Foul Ball, location: 2F 2-2: Foul Ball, location: 2F 2-2: Strikes out swinging
|
Batting: LHB Jonathan Roman
|
0-0: Foul Ball, location: 2F 0-1: Ball 1-1: Fly out, F8 (Flyball, 89M, EV 92.5 MPH)
|
Top of the 7th over - 2 runs, 1 hit, 0 errors, 0 left on base; York 9 - Chester 0 |
BOTTOM OF THE 7TH |
Chester Pirates batting - Pitching for York Revolution : RHP Jamie Gordam
|
Pitching: LHP Chad Mroczkowski
|
|
Batting: RHB Rusty Trader
|
0-0: Ball 1-0: Ball 2-0: Called Strike 2-1: Ball 3-1: Foul Ball, location: 2F 3-2: Base on Balls
|
Batting: RHB Jon Solis
|
0-0: Ball 1-0: Swinging Strike 1-1: Called Strike 1-2: Strikes out swinging
|
Batting: RHB Hector Barajas
|
0-0: Called Strike Rusty Trader steals 2nd base (no throw) 0-1: Foul Ball, location: 2F 0-2: Ground out 4-3 (Groundball, 4, EV 103.8 MPH) Rusty Trader to third
|
Batting: RHB Rafael Galicia
|
0-0: Ball 1-0: Ground out 5-3 (Groundball, 5L, EV 103.1 MPH)
|
Bottom of the 7th over - 0 runs, 0 hits, 0 errors, 1 left on base; York 9 - Chester 0 |
TOP OF THE 8TH |
York Revolution batting - Pitching for Chester Pirates : RHP Pete Griesser
|
Batting: RHB Juan Valadez
|
0-0: Ball 1-0: Ball 2-0: Ball 3-0: Called Strike 3-1: Called Strike 3-2: Foul Ball, location: 2F 3-2: Base on Balls
|
Batting: RHB Jose Corral
|
0-0: Ball 1-0: Ball 2-0: Called Strike 2-1: Ball 3-1: Swinging Strike 3-2: 2-RUN HOME RUN (Flyball, 7D, EV 108.1 MPH), Distance : 397 ft
|
Pitching: RHP Ricky Alvarado
|
|
Batting: LHB Eric Farren
|
0-0: Ball 1-0: Foul Ball, location: 2F 1-1: Fly out, F8 (Flyball, 8LM, EV 80.0 MPH)
|
Batting: RHB Victor Arias
|
0-0: Called Strike 0-1: Ball 1-1: Foul Ball, location: 2F 1-2: Ball 2-2: Fly out, F3 (Popup, 3F, EV 71.2 MPH)
|
Batting: SHB Steve DeRienzo
|
0-0: Called Strike 0-1: Swinging Strike 0-2: Strikes out swinging
|
Top of the 8th over - 2 runs, 1 hit, 0 errors, 0 left on base; York 11 - Chester 0 |
BOTTOM OF THE 8TH |
Chester Pirates batting - Pitching for York Revolution : LHP Chad Mroczkowski
|
Batting: LHB Kazuyoshi Ikeda
|
0-0: Ball 1-0: Ball 2-0: Called Strike 2-1: Ball 3-1: Called Strike 3-2: Base on Balls
|
Batting: LHB Damien Cohen
|
0-0: Called Strike 0-1: Foul Ball, location: 2F 0-2: Ball 1-2: Strikes out swinging
|
Batting: RHB Matt Derrien
|
0-0: Ball 1-0: Foul Ball, location: 2F 1-1: Ball 2-1: Swinging Strike 2-2: Ball 3-2: Foul Ball, location: 2F 3-2: Base on Balls Kazuyoshi Ikeda to second
|
Batting: LHB Chad Cutler
|
0-0: Ball 1-0: Foul Ball, location: 2F 1-1: Foul Ball, location: 2F 1-2: Ball 2-2: Strikes out swinging
|
Batting: RHB Dan Kurtz
|
0-0: Ball 1-0: Ball 2-0: Called Strike 2-1: Foul Ball, location: 2F 2-2: Ground out 1-3 (Groundball, 15S, EV 71.2 MPH)
|
Bottom of the 8th over - 0 runs, 0 hits, 0 errors, 2 left on base; York 11 - Chester 0 |
TOP OF THE 9TH |
York Revolution batting - Pitching for Chester Pirates : RHP Ricky Alvarado
|
Batting: RHB Ivan Barrientos
|
0-0: Ball 1-0: Fly out, F8 (Flyball, 78D, EV 105.6 MPH)
|
Batting: RHB Simon Mergeni
|
0-0: Foul Ball, location: 2F 0-1: Swinging Strike 0-2: Strikes out swinging
|
Pinch Hitting: SHB Dana Guthrie
|
0-0: Called Strike 0-1: Ball 1-1: Fly out, F9 (Flyball, 89D, EV 100.0 MPH)
|
Top of the 9th over - 0 runs, 0 hits, 0 errors, 0 left on base; York 11 - Chester 0 |
BOTTOM OF THE 9TH |
Chester Pirates batting - Pitching for York Revolution : LHP Chad Mroczkowski
|
Now at 1B: Dana Guthrie
|
|
Batting: RHB Rusty Trader
|
0-0: Called Strike 0-1: Ball 1-1: Foul Ball, location: 2F 1-2: Ground out 6-3 (Groundball, 6, EV 101.2 MPH)
|
Batting: RHB Jon Solis
|
0-0: Fly out, F8 (Flyball, 89S, EV 87.5 MPH)
|
Batting: RHB Hector Barajas
|
0-0: Called Strike 0-1: Foul Ball, location: 2F 0-2: Foul Ball, location: 2F 0-2: Ball 1-2: Ball 2-2: Ball 3-2: Base on Balls
|
Batting: RHB Rafael Galicia
|
0-0: Ball 1-0: Ground out 2-3 (Groundball, 15S, EV 65.6 MPH)
|
Bottom of the 9th over - 0 runs, 0 hits, 0 errors, 1 left on base; York 11 - Chester 0 |
|